 Dungeon Crawl Stone Soup version 0.29-a0-338-g1ff7896281 (webtiles) character file.

Game seed: 17628662002621566302

149 Kaptain the Digger (level 5, -2/30 HPs)
             Began as a Gargoyle Earth Elementalist on Apr 18, 2022.
             Killed by divine providence
             ... invoked by an orc priest
              (15 damage)
             ... on level 3 of the Dungeon.
             The game lasted 00:07:15 (2419 turns).

Kaptain the Digger (Gargoyle Earth Elementalist)    Turns: 2419, Time: 00:07:16

Health: -2/30      AC:  7    Str: 12    XL:     5   Next: 31%
Magic:  1/9        EV: 11    Int: 17    God:
Gold:   99         SH:  0    Dex: 10    Spells: 5/9 levels left

rFire   + . .      SeeInvis .   h - +0 short sword
rCold   . . .      Faith    .   (no shield)
rNeg    + . .      Spirit   .   k - +0 leather armour
rPois   ∞          Reflect  .   (no helmet)
rElec   +          Harm     .   (no cloak)
rCorr   .          Rampage  .   (no gloves)
Will    .....                   (no boots)
Stlth   ++........              (no amulet)
HPRegen 0.10/turn               e - ring of protection from fire
MPRegen 0.11/turn               (no ring)

@: no status effects
A: sickness immunity, AC +4, negative energy resistance 1, electricity
resistance, torment resistance 1, petrification resistance
a: no special abilities


You were on level 3 of the Dungeon.
You visited 1 branch of the dungeon, and saw 3 of its levels.

You collected 99 gold pieces.

Inventory:

Hand Weapons
 g - a +0 dagger
 h - a +0 short sword (weapon)
Missiles
 a - 17 stones
Armour
 k - a +0 leather armour (worn)
 p - +0 pearl dragon scales
Jewellery
 e - a ring of protection from fire (left hand)
Scrolls
 d - a scroll of vulnerability {unknown}
 f - 2 scrolls of identify
 j - a scroll of amnesia {unknown}
 l - 2 scrolls of teleportation {unknown}
 o - a scroll of immolation {unknown}
Potions
 b - a potion of mutation {unknown}
 c - 2 potions of magic
 i - a potion of attraction
 n - 4 potions of curing


   Skills:
 * Level 2.2 Fighting
 + Level 1.1 Armour
 + Level 1.9 Dodging
 - Level 2.1 Stealth
 * Level 2.8 Spellcasting
 * Level 1.9 Conjurations
 - Level 0.7 Transmutations
 * Level 4.6 Earth Magic


You had 5 spell levels left.
You knew the following spells:

 Your Spells              Type           Power      Damage    Failure   Level
a - Sandblast             Erth           36%        2d10      3%          1
b - Stone Arrow           Conj/Erth      26%        3d8       17%         3

Your spell library contained the following spells:

 Spells                   Type           Power      Damage    Failure   Level
 Passwall                 Tmut/Erth      9%         N/A       12%         2
 Petrify                  Tmut/Erth      11%        N/A       58%         4


Dungeon Overview and Level Annotations

Branches:
Dungeon (3/15)

Altars:
Ashenzari

Shops:
D:1 ?   D:3 (


Innate Abilities, Weirdness & Mutations

You are immune to sickness and miasma.
Your stone body is resilient. (AC +4)
You are immune to poison.
You resist negative energy. (rN+)
You are resistant to electric shocks. (rElec)
You are resistant to unholy torment.
You are immune to petrification.


Message History

The orc priest is almost dead.
The orc priest hits you with a +0 mace.
* * * LOW HITPOINT WARNING * * *
You hit the orc priest but do no damage.
The orc priest is almost dead.
The orc priest hits you with a +0 mace.
* * * LOW HITPOINT WARNING * * *
You feel much better. The orc priest closely misses you.
Unknown command.
Casting: Sandblast (safe; 3% risk of failure)
Confirm with . or Enter, or press ? or * to list all spells.
Aiming: Sandblast (safe; 3% risk of failure)
Press: ? - help, Shift-Dir - straight line, f/p - orc priest
Aim: an orc priest, wielding a +0 mace and wearing a +0 scale mail (almost dead, 82% to hit)
The blast of sand hits the orc priest but does no damage.
The orc priest is almost dead.
The orc priest hits you with a +0 mace.
You hit the orc priest.
The orc priest is almost dead.
The orc priest hits you but does no damage.
You hit the orc priest but do no damage.
The orc priest is almost dead.
The orc priest hits you with a +0 mace.
You hit the orc priest but do no damage.
The orc priest is almost dead.
The orc priest closely misses you.
You closely miss the orc priest.
The orc priest is almost dead.
The orc priest hits you with a +0 mace.
The orc priest calls down the wrath of Beogh upon you.
Beogh smites you!
You hit the orc priest but do no damage.
The orc priest is almost dead.
The orc priest looks braver for a moment.
You barely miss the orc priest.
The orc priest is almost dead.
The orc priest calls down the wrath of Beogh upon you.
Beogh smites you!
Ouch! That really hurt!
You die...

#.
##............###....
####.##.##...# #....
#.##.##...###..##
##.........<......
#...............##
#..##.##....##..# #..#
.##....##..# #..#
.##..#.##.<.. .. #@.#
.##†.#.##..##
....###o.##.##..#.##..#
.......................
#######..##.#...###
###...........
###...)......#
.......))..#..#
####†#.....# .#
....†.......


You could see an orc priest.

Vanquished Creatures
  An orc wizard (D:3)
  A gnoll (D:1)
  5 adders (D:2)
  2 worms
  2 dart slugs (D:1)
  3 orcs
  7 ball pythons
  9 bats
  5 endoplasms
  A giant cockroach (D:2)
  2 goblins
  3 hobgoblins
  2 jackals (D:1)
  2 quokkas
  3 frilled lizards
  9 kobolds
  3 rats
60 creatures vanquished.

Notes
Turn   | Place    | Note
-------+----------+-------------------------------------------
     0 | D:1      | Kaptain the Gargoyle Earth Elementalist began the quest for
                  | the Orb.
     0 | D:1      | Reached XP level 1. HP: 10/10 MP: 3/3
    32 | D:1      | Reached XP level 2. HP: 16/16 MP: 1/5
   106 | D:1      | Reached skill level 1 in Fighting
   125 | D:1      | Reached skill level 1 in Conjurations
   262 | D:1      | Found Roppeps's Magic Scroll Shoppe.
   291 | D:1      | Reached XP level 3. HP: 20/20 MP: 6/6
   295 | D:1      | Learned a level 3 spell: Stone Arrow
   468 | D:1      | Reached skill level 4 in Earth Magic
   610 | D:1      | Found a faded altar of an unknown god.
  1188 | D:2      | Reached XP level 4. HP: 22/25 MP: 3/7
  1803 | D:2      | Reached skill level 1 in Armour
  2190 | D:3      | Found a broken altar of Ashenzari.
  2230 | D:3      | Found Xaskezxit's Antique Weapon Boutique.
  2286 | D:3      | Reached XP level 5. HP: 25/30 MP: 9/9
  2419 | D:3      | Killed from afar by an orc priest

Illustrated notes

Levels and vault maps discovered:
D:1:      minmay_arrival_stone_box, layout_basic, ebering_ecumenical_altar_hall,
          serial_shops, shop, minmay_misc_feat_encased
D:2:      layout_basic
D:3:      layout_basic, evilmike_ruin_ashenzari, lemuel_crystal_altar,
          serial_shops, shop

Skill      XL: |  1  2  3  4 |
---------------+-------------+-----
Fighting       | 1 2 |  2.2
Conjurations   | 1 |  1.9
Earth Magic    | 4 |  4.6
Armour         | 1 |  1.1
Dodging        | |  1.9
Stealth        | |  2.1
Spellcasting   | |  2.8
Transmutations | |  0.7

Action                   |  1- 3 |  4- 6 || total
-------------------------+-------+-------++-------
Melee: Short sword       |    23 |    60 ||    83
       Dagger            |     4 |       ||     4
       Unarmed           |     1 |       ||     1
 Cast: Sandblast         |    30 |    36 ||    66
  Use: Scroll            |       |     4 ||     4
       Potion            |       |     2 ||     2
 Stab: Sleeping          |     2 |     1 ||     3
Armor: Robe              |     5 |       ||     5
       Leather armour    |     5 |    35 ||    40
Dodge: Dodged            |    34 |    42 ||    76

Table legend: (Time is in decaauts)
 A = Elapsed time spent in this place.
 B = Non-inter-level travel time spent in this place.
 C = Inter-level travel time spent in this place.
 D = Time resting spent in this place.
 E = Time spent auto-exploring this place.
 F = Levels seen in this place.
 G = Mean time per level.
                   A        B        C        D        E       F      G
               +--------+--------+--------+--------+--------+-----+--------+
         Total |   2425 |   2355 |     70 |    510 |   1322 |   3 |  808.3 |
       Dungeon |   2425 |   2355 |     70 |    510 |   1322 |   3 |  808.3 |
               +--------+--------+--------+--------+--------+-----+--------+

Top non-repeatable levels by time:
     D:2: 1113 daAuts
     D:1: 1050 daAuts
     D:3: 261 daAuts
